 Dungeon Crawl Stone Soup version 0.29-a0-219-g0a02b1cf4f (webtiles) character file.

Game seed: 4707290248914259422

33 shoop the Vexing (level 3, 0/20 HPs)
             Began as a Deep Elf Arcane Marksman on Feb 26, 2022.
             Slain by Natasha (5 damage)
             ... on level 2 of the Dungeon.
             The game lasted 00:01:38 (1008 turns).

shoop the Vexing (Deep Elf Arcane Marksman)         Turns: 1008, Time: 00:01:38

Health: 0/20       AC:  2    Str:  7    XL:     3   Next: 12%
Magic:  7/7        EV: 13    Int: 19    God:
Gold:   39         SH:  0    Dex: 15    Spells: 2/5 levels left

rFire   . . .      SeeInvis .   a - +0 shortbow
rCold   . . .      Faith    .   (shield currently unavailable)
rNeg    . . .      Spirit   .   b - +0 robe
rPois   .          Reflect  .   (no helmet)
rElec   .          Harm     .   (no cloak)
rCorr   .          Rampage  .   (no gloves)
Will    .....                   (no boots)
Stlth   ++........              (no amulet)
HPRegen 0.06/turn               (no ring)
MPRegen 0.10/turn               (no ring)

@: slowed, very slow
A: no striking features
a: no special abilities


You were on level 2 of the Dungeon.
You visited 1 branch of the dungeon, and saw 2 of its levels.

You collected 39 gold pieces.

Inventory:

Hand Weapons
 a - a +0 shortbow (weapon)
Armour
 b - a +0 robe (worn)
Scrolls
 c - 4 scrolls of identify {unknown}
 d - 3 scrolls of teleportation {unknown}
 e - a scroll of enchant weapon {unknown}
 g - a scroll of enchant armour {unknown}
Potions
 f - a potion of heal wounds {unknown}
 h - a potion of ambrosia {unknown}


   Skills:
 - Level 1.0 Fighting
 - Level 3.0 Bows
 - Level 3.0 Dodging
 * Level 2.8 Stealth
 - Level 1.5 Spellcasting
 - Level 4.0 Hexes
 + Level 0.1 Translocations


You had 2 spell levels left.
You knew the following spells:

 Your Spells              Type           Power      Damage    Failure   Level
a - Slow                  Hex            64%        N/A       3%          1
b - Blink                 Tloc           4%         N/A       26%         2

Your spell library contained the following spells:

 Spells                   Type           Power      Damage    Failure   Level
 Portal Projectile        Hex/Tloc       18%        N/A       22%         3
 Inner Flame              Hex/Fire       9%         N/A       24%         3
 Cause Fear               Hex            8%         N/A       34%         4
 Lesser Beckoning         Tloc           2%         N/A       45%         3
 Manifold Assault         Tloc           2%         N/A       99%         5


Dungeon Overview and Level Annotations

Branches:
Dungeon (2/15)

Altars:

Shops:
D:1 [

Annotations:
D:2 Natasha


Message History

Natasha is lightly wounded.
You shoot an arrow. The arrow misses Natasha.
Natasha casts a spell.
You shoot an arrow. The arrow barely misses Natasha.
You shoot an arrow. The arrow misses Natasha.
Natasha howls an incantation.
You feel disoriented.
Natasha stares at you and mumbles some strange words.
You feel yourself slow down.
You shoot an arrow. The arrow closely misses Natasha.
Natasha claws you. x2
You shoot an arrow. The arrow closely misses Natasha.
Natasha closely misses you.
The shadow imp shouts, "Give up, thou skyhacking roguish deadneck!"
Natasha casts a spell.
The crimson imp blinks!
Natasha barely misses you.
Shoot: a) +0 shortbow
Press: ? - help, Shift-Dir - straight line, f/p - Natasha
Aim: Natasha (51% to hit)
You shoot an arrow. The arrow hits Natasha!
Natasha is heavily wounded.
Natasha claws you but does no damage. Natasha claws you.
Unknown command.
Unknown command.
Shoot: a) +0 shortbow
Press: ? - help, Shift-Dir - straight line, f/p - Natasha
Aim: Natasha (heavily wounded, 51% to hit)
You shoot an arrow. The arrow barely misses Natasha.
The arrow hits the shadow imp.
The shadow imp is heavily wounded.
Natasha claws you. Natasha barely misses you.
Shoot: a) +0 shortbow
Press: ? - help, Shift-Dir - straight line, f/p - Natasha
Aim: Natasha (moderately wounded, 51% to hit)
You shoot an arrow.
The arrow hits Natasha but does no damage.
Natasha is moderately wounded.
Natasha claws you.
* * * LOW HITPOINT WARNING * * *
Natasha claws you.
You die...

..............####.##.#
########.#.##.# #.##.#
#.#.##.# #.##.#
#.#.##.# #.##.#
########.#.##.# #.##.#
...........##.# #.##.#
########.####.# #.##.#
#.# #.####....# #@#
#.....###.# #h#
###.......# ......55#
#...###.# #########
#..## #.# #..# #.# #..#
#.# #..# #.# #..# #.#
#..# #.#


You could see Natasha, a crimson imp (summoned) and a shadow imp (summoned).

Vanquished Creatures
  A dart slug (D:2)
  3 ball pythons
  An endoplasm (D:1)
  5 giant cockroaches
  2 goblins (D:1)
  4 hobgoblins
  3 quokkas
  A bat (D:1)
  5 kobolds (D:1)
  3 rats
28 creatures vanquished.

Notes
Turn   | Place    | Note
-------+----------+-------------------------------------------
     0 | D:1      | shoop the Deep Elf Arcane Marksman began the quest for the
                  | Orb.
     0 | D:1      | Reached XP level 1. HP: 11/11 MP: 5/5
    77 | D:1      | Reached skill level 1 in Stealth
    86 | D:1      | Reached skill level 1 in Fighting
    99 | D:1      | Reached XP level 2. HP: 16/16 MP: 6/6
   159 | D:1      | Found a faded altar of an unknown god.
   235 | D:1      | Found Riess's Armour Shop.
   793 | D:2      | Reached XP level 3. HP: 20/20 MP: 7/7
   796 | D:2      | Learned a level 2 spell: Blink
   998 | D:2      | Noticed Natasha
  1008 | D:2      | Slain by Natasha

Illustrated notes

Levels and vault maps discovered:
D:1:      dpeg_arrival_solitude, layout_loops_ring,
          hellmonk_ecumenical_altar_leap_of_faith, serial_shops, shop,
          kennysheep_another_room
D:2:      layout_loops_ring, uniq_robin, uniq_natasha

Skill      XL: |  1  2 |
---------------+-------+-----
Stealth        | 1 2 |  2.8
Fighting       | 1 |  1.0
Bows           | 3 |  3.0
Dodging        | 3 |  3.0
Spellcasting   | |  1.5
Hexes          | |  4.0
Translocations | |  0.1

Action                   || total
-------------------------++-------
 Fire: Shortbow          ||    64
Armor: Robe              ||     3
Dodge: Dodged            ||    11

Table legend: (Time is in decaauts)
 A = Elapsed time spent in this place.
 B = Non-inter-level travel time spent in this place.
 C = Inter-level travel time spent in this place.
 D = Time resting spent in this place.
 E = Time spent auto-exploring this place.
 F = Levels seen in this place.
 G = Mean time per level.
                   A        B        C        D        E       F      G
               +--------+--------+--------+--------+--------+-----+--------+
         Total |   1032 |   1001 |     31 |      0 |    858 |   2 |  516.0 |
       Dungeon |   1032 |   1001 |     31 |      0 |    858 |   2 |  516.0 |
               +--------+--------+--------+--------+--------+-----+--------+

Top non-repeatable levels by time:
     D:1: 660 daAuts
     D:2: 372 daAuts
